 Dungeon Crawl Stone Soup version 0.17.0-28-g6e173f8 (webtiles) character file.

125 Redz the Charmwright (level 5, -8/32 HPs)
             Began as a Gargoyle Skald on Nov 24, 2015.
             Was an Initiate of Okawaru.
             Killed by divine providence
             ... invoked by an orc priest
              (9 damage)
             ... on level 3 of the Dungeon.
             The game lasted 00:08:32 (2131 turns).

Redz the Charmwright (Gargoyle Skald)               Turns: 2131, Time: 00:08:32

Health: -8/32      AC:  7    Str: 15    XL:     5   Next: 9%
Magic:  1/8        EV: 11    Int: 14    God:    Okawaru [......]
Gold:   174        SH:  0    Dex:  9    Spells: 3 memorised, 2 levels left

rFire  . . .     SeeInvis .     a - +0 mace
rCold  . . .     Clarity  .     b - +0 leather armour
rNeg   + . .     SustAt   +     (no shield)
rPois  ∞         Gourm    .     (no helmet)
rElec  +         Spirit   .     (no cloak)
rCorr  .         Warding  .     (no gloves)
rMut   .         Stasis   .     (no boots)
MR     .....                    (no amulet)
Stlth  +.........               (no ring)
                                r - ring of sustain attributes

@: shrouded (expiring), very slightly contaminated, not resistant to hostile
enchantments, very unstealthy
A: negative energy resistance 1, electricity resistance, unbreathing,
petrification resistance, rot immunity, AC +4
a: Renounce Religion


You were on level 3 of the Dungeon.
You worshipped Okawaru.
Okawaru was noncommittal.
You were hungry.

You visited 1 branch of the dungeon, and saw 3 of its levels.

You collected 174 gold pieces.

Inventory:

Hand Weapons
 a - a +0 mace (weapon)
Armour
 b - a +0 leather armour (worn)
Jewellery
 r - a ring of sustain attributes (left hand)
Scrolls
 e - 2 scrolls of enchant armour {unknown}
 f - 3 scrolls of identify {unknown}
 g - 2 scrolls of remove curse {unknown}
 h - a scroll of amnesia {unknown}
 i - a scroll of random uselessness {unknown}
 l - 3 scrolls of enchant weapon {unknown}
 m - a scroll of recharging {unknown}
 n - 3 scrolls of blinking {unknown}
 q - 2 scrolls of fog {unknown}
 t - a scroll of teleportation {unknown}
Potions
 k - a potion of might {unknown}
 s - a potion of agility {unknown}
 u - a potion of haste {unknown}
Books
 c - a book of Battle

   Spells                             Type                      Level
   a - Infusion                       Charms                       1
   b - Shroud of Golubria             Charms/Translocation         2
   c - Song of Slaying                Charms                       2
   d - Spectral Weapon                Hexes/Charms                 3
   e - Regeneration                   Charms/Necromancy            3
Comestibles
 d - 2 bread rations
 j - 2 meat rations
 o - 7 chunks of flesh
 p - a slice of pizza


   Skills:
 * Level 3.1 Fighting
 * Level 2.8 Maces & Flails
 + Level 2.1 Armour
 + Level 1.5 Dodging
 + Level 1.3 Stealth
 + Level 2.2 Spellcasting
 + Level 3.2 Charms


You had 2 spell levels left.
You knew the following spells:

 Your Spells              Type           Power        Failure   Level  Hunger
a - Infusion              Chrm           ##....       10%         1    #......
b - Shroud of Golubria    Chrm/Tloc      #.........   24%         2    ###....
c - Regeneration          Chrm/Necr      #.........   47%         3    ###....


Dungeon Overview and Level Annotations

Branches:
Dungeon (3/15)

Altars:
Okawaru


Innate Abilities, Weirdness & Mutations

You are resistant to torment.
Your stone body is resilient (AC +4).
You are immune to poison.
You resist negative energy.
You are resistant to electric shocks.
You can survive without breathing.
You are immune to petrification.
You are immune to rotting.


Message History

The orc priest calls down the wrath of Beogh upon you.
Something smites you!
You hit the orc priest.
The orc priest is heavily wounded.
Your skin stops crawling.
The orc priest hits you but does no damage.
The orc priest barely misses you. The orc priest closely misses you.
The orc priest hits you with a short sword.
You hit the orc priest but do no damage.
The orc priest is heavily wounded.
Your shroud begins to fray at the edges.
The orc priest hits you with a whip.
The orc priest invokes the aid of Beogh against you.
Something smites you!
* * * LOW HITPOINT WARNING * * *
You hit the orc priest.
The orc priest is almost dead.
The orc priest mumbles some strange prayers to Beogh against you.
Something smites you!
You die...

##.## ## #...# ##.##
#...# #...# #...#
#...####### #...# ###
#...#.....###...# #..
#..>#.....##...#####<#
#...oo>...............
#...#@....##.#.####.##
#...#.....#..#.####.#
#...#............##.#
##.##.....#.##.#.##.##
#..........##.#.(#<..
###.##..#.###.##.###.
#######....##..##........
#......##.......<..######
#......[..#####...## #


You could see 2 orc priests.

Vanquished Creatures
  An orc priest (D:3)
  2 adders (D:3)
  An ooze (D:1)
  4 orcs
  2 bat zombies (D:1)
  4 giant cockroaches
  7 hobgoblins
  5 jackals
  2 quokkas
  2 ball pythons
  8 bats
  2 giant geckos
  3 giant newts
  8 goblins
  6 kobolds
  8 rats
65 creatures vanquished.

Notes
Turn   | Place    | Note
--------------------------------------------------------------
     0 | D:1      | Redz the Gargoyle Skald began the quest for the Orb.
     0 | D:1      | Reached XP level 1. HP: 12/12 MP: 3/3
   130 | D:1      | Reached XP level 2. HP: 15/18 MP: 5/5
   134 | D:1      | Learned a level 2 spell: Shroud of Golubria
   212 | D:1      | Reached skill level 3 in Charms
   247 | D:1      | Reached skill level 1 in Dodging
   498 | D:2      | Found an iron altar of Okawaru.
   511 | D:2      | Became a worshipper of Warmaster Okawaru
   546 | D:2      | Reached XP level 3. HP: 20/22 MP: 6/6
  1294 | D:3      | Reached skill level 1 in Stealth
  1294 | D:3      | Reached XP level 4. HP: 23/27 MP: 7/7
  1667 | D:3      | Learned a level 3 spell: Regeneration
  1842 | D:3      | HP: 1/27 [orc priest/divine providence (12)]
  2059 | D:3      | Reached XP level 5. HP: 29/32 MP: 8/8
  2130 | D:3      | HP: 1/32 [orc priest/divine providence (11)]
  2131 | D:3      | Killed from afar by an orc priest

Action                   |  1- 3 |  4- 6 || total
-------------------------+-------+-------++-------
Melee: Mace              |   143 |   154 ||   297
 Cast: Shroud of Golubri |     1 |     8 ||     9
       Regeneration      |       |     2 ||     2
       Infusion          |       |     1 ||     1
  Eat: Chunk             |     2 |     3 ||     5
